Map: Whitewater Line LE

Players

Faust - Winner!

  • Race: Zerg Zerg
  • League: Diamond
  • Spawn Location: 1:00

Cthulhu - Winner!

  • Race: Terran Terran
  • Spawn Location: 1:00

Throwfordays - Winner!

  • Race: Protoss Protoss
  • Spawn Location: 12:00

Facer

  • Race: Protoss Protoss
  • League: Silver
  • Spawn Location: 7:00

default

  • Race: Zerg Zerg
  • League: Master
  • Spawn Location: 6:00

Valentine

  • Race: Terran Terran
  • Spawn Location: 7:00

VOD

Have the link to the VOD?

Description

Time

  • Played on: March 22, 2021, 10:23 p.m.
  • Length: 13:41
Show
View Real Time Build Order
Export as new Build Order

Faust Zerg - Winner!

Build Orders: Hatch First, Lurkers 

Get SALT Encoding   

  12  0:09  Drone x2  
  14  0:20  Extractor  
  14  0:21  Drone  
  14  0:23  Extractor  
  15  0:28  Overlord  
  15  0:48  Drone x2  
  17  1:02  Hatchery  
  16  1:12  Drone x2  
  16  1:17  Spawning Pool  
  17  1:48  Drone  
  17  1:50  Drone  
  17  1:51  Hatchery  
  17  1:52  Drone  
  19  2:06  Zergling x2  
  20  2:10  Zergling x2  
  20  2:13  Queen  
  23  2:16  Queen  
  23  2:20  Overlord  
  25  2:25  Drone  
  26  2:30  Drone  
  26  2:32  Drone  
  28  2:39  Drone  
  28  2:43  Drone  
  30  2:46  Drone  
  31  2:55  Overlord  
  31  2:59  Drone  
  32  3:08  Drone  
  32  3:09  Drone  
  32  3:12  Drone  
  36  3:20  Drone x3  
  36  3:27  Drone x2  
  40  3:28  Drone  
  40  3:29  Drone x3  
  44  3:37  Extractor x2, Drone  
  44  3:38  Drone x3  
  46  3:42  Extractor  
  46  3:44  Extractor  
  46  3:48  Queen  
  44  3:49  Overlord  
  44  3:53  Drone x2  
  44  3:54  Drone  
  49  3:56  Drone  
  50  4:05  Overlord  
  50  4:07  Queen x2, Drone x2  
  50  4:08  Drone  
  57  4:11  Drone  
  58  4:27  Drone  
  58  4:28  Drone x6  
  65  4:49  Metabolic Boost  
  65  4:51  Lair  
  65  5:15  Roach Warren  
  65  5:20  Drone  
  65  5:23  Drone  
  65  5:25  Overlord x5  
  65  5:26  Overlord x2  
  66  5:34  Overlord x3  
  66  5:36  Evolution Chamber  
  66  5:37  Evolution Chamber  
  66  5:38  Evolution Chamber  
  66  5:39  Extractor  
  66  5:41  Extractor  
  66  5:42  Drone x3  
  64  5:43  Drone x2  
  64  5:44  Drone  
  67  5:58  Roach x8  
  67  5:59  Roach  
  85  6:11  Zerg Melee Weapons Level 1, Zerg Missile Weapons Level 1  
  85  6:12  Zerg Ground Armor Level 1  
  85  6:13  Glial Reconstitution  
  85  6:19  Drone  
  85  6:20  Drone x4  
  85  6:21  Hydralisk Den  
  85  6:23  Drone x2  
  91  6:29  Drone x2  
  93  6:36  Drone x2  
  95  6:50  Muscular Augments, Hydralisk  
  95  6:51  Hydralisk x5  
  95  6:53  Hydralisk  
  95  6:54  Hatchery  
  106  6:55  Hydralisk  
  110  7:03  Hydralisk x6  
  110  7:05  Overlord  
  122  7:13  Lurker Den  
  121  7:16  Infestation Pit  
  121  7:17  Drone x2  
  121  7:21  Drone  
  121  7:22  Spore Crawler, Drone  
  123  7:23  Spore Crawler  
  123  7:27  Spore Crawler  
  121  7:37  Drone x3  
  121  7:38  Drone x7  
  130  8:02  Grooved Spines  
  126  8:08  Hydralisk  
  126  8:09  Hydralisk x12  
  129  8:24  Hydralisk x4  
  125  8:27  Zerg Melee Weapons Level 2, Zerg Missile Weapons Level 2  
  119  8:41  Lurker  
  119  8:46  Hydralisk  
  119  8:47  Hydralisk x4  
  122  8:59  Hydralisk x4  
  108  9:08  Lurker  
  107  9:11  Drone  
  108  9:20  Spire  
  107  9:42  Hive  
  107  9:43  Zerg Ground Armor Level 2  
  107  9:46  Drone  
  107  9:47  Drone x8  
  107  9:48  Drone x4  
  107  9:50  Lurker  
  121  9:57  Extractor  
  120  10:00  Hatchery  
  119  10:19  Hydralisk x6  
  131  10:31  Drone x3  
  131  10:34  Extractor, Drone x3  
  131  10:35  Corruptor, Drone  
  138  10:36  Drone x6  
  145  10:45  Extractor  
  145  10:46  Hatchery  
  145  10:49  Extractor  
  139  10:58  Overlord x3  
  139  11:00  Hydralisk x6  
  139  11:01  Hydralisk  
  139  11:03  Zerg Melee Weapons Level 3  
  153  11:05  Adaptive Talons  
  153  11:34  Lurker  
  153  11:36  Lurker x2  
  153  11:37  Lurker x3  
  153  11:39  Drone x3  
  162  11:40  Drone x3  
  165  12:02  Seismic Spines  
  159  12:27  Hydralisk  
  159  12:28  Hydralisk x13  
Show
View Real Time Build Order
Export as new Build Order

Cthulhu Terran - Winner!

Build Orders:  

Get SALT Encoding   

  12  0:01  SCV  
  13  0:13  SCV  
  14  0:24  Supply Depot  
  14  0:25  SCV  
  15  0:45  SCV  
  16  0:57  SCV, Barracks  
  16  1:03  Refinery  
  17  1:10  SCV  
  18  1:16  Supply Depot  
  18  1:22  SCV  
  19  1:34  SCV  
  20  1:45  Supply Depot  
  20  1:46  Marine, SCV  
  22  1:49  Barracks  
  22  1:56  Refinery  
  22  2:04  Marine  
  22  2:07  Orbital Command  
  23  2:30  Marine  
  23  2:34  Supply Depot  
  23  2:35  SCV  
  25  2:41  Barracks Reactor  
  25  2:43  Factory  
  25  2:48  Engineering Bay  
  25  2:49  Barracks Tech Lab  
  25  3:01  Supply Depot  
  25  3:08  Ghost Academy  
  25  3:10  Stimpack  
  25  3:13  Marine  
  25  3:18  Marine  
  25  3:19  Marine  
  28  3:20  SCV  
  29  3:40  Starport  
  29  3:49  Marine x3, SCV, Factory Reactor  
  34  4:10  Marine x2, SCV  
  36  4:29  Armory  
  36  4:34  Medivac x2  
  36  4:35  Marine x3  
  43  4:56  Factory Tech Lab  
  43  5:01  Combat Shield  
  43  5:34  Marine x2  
  43  5:35  Siege Tank  
  48  5:37  Viking  
  50  6:04  Marine x2  
  51  6:05  SCV  
  53  6:17  SCV  
  53  6:28  Marine x2  
  53  6:29  SCV  
  53  6:30  Widow Mine  
  55  6:49  SCV  
  55  7:05  Marine x3, Viking x2, SCV  
  63  7:19  Command Center  
  63  7:20  Drilling Claws  
  63  7:24  SCV  
  64  7:30  Marine  
  65  7:55  Nuke  
  65  7:56  Ghost  
  67  8:11  Command Center  
  66  8:18  Refinery  
  37  8:38  Personal Cloaking  
  31  9:05  Viking x2  
  31  9:06  Marine, SCV  
  37  9:18  SCV  
  37  9:21  Ghost  
  37  9:23  Marine  
  41  9:30  Orbital Command  
  41  9:34  Orbital Command  
  41  9:50  Sensor Tower, Ghost  
  41  9:51  Missile Turret  
  43  10:02  Viking, Medivac  
  43  10:03  Marine x2  
  43  10:06  Terran Infantry Weapons Level 1  
  49  10:11  SCV  
  49  10:12  SCV  
  51  10:19  Supply Depot  
  51  10:45  SCV  
  51  10:46  Marine x2, SCV x2  
  51  10:47  Ghost  
  58  11:43  Nuke  
  36  12:11  Marine  
  36  12:12  Marine x2  
  39  12:17  SCV x2  
  39  12:20  Viking, Medivac  
  45  12:29  SCV  
  46  12:30  Marauder  
  48  13:04  Ghost Academy  
  48  13:06  Ghost Academy  
  48  13:07  Supply Depot  
Show
View Real Time Build Order
Export as new Build Order

Throwfordays Protoss - Winner!

Build Orders: 1 Gate Expand, Carriers 

Get SALT Encoding   

  12  0:00  Probe  
  13  0:12  Probe  
  14  0:17  Pylon  
  14  0:24  Probe  
  15  0:36  Gateway  
  15  0:39  Probe  
  16  0:46  Assimilator  
  16  0:51  Probe  
  17  1:04  Forge  
  17  1:14  Probe  
  18  1:26  Probe  
  19  1:39  Probe  
  20  1:43  Nexus  
  20  1:53  Cybernetics Core  
  20  1:59  Assimilator  
  20  2:06  Pylon  
  20  2:26  Photon Cannon  
  20  2:31  Photon Cannon  
  20  2:38  Photon Cannon  
  20  2:39  Probe  
  22  2:53  Warp Gate (Chrono Boost), Probe (Chrono Boost)  
  22  2:58  Probe (Chrono Boost)  
  24  3:08  Probe x2 (Chrono Boost)  
  25  3:13  Probe (Chrono Boost)  
  27  3:27  Probe (Chrono Boost)  
  27  3:28  Probe (Chrono Boost)  
  28  3:38  Probe (Chrono Boost)  
  28  3:40  Probe (Chrono Boost)  
  30  3:42  Probe (Chrono Boost)  
  30  3:44  Assimilator  
  30  3:48  Assimilator  
  31  3:49  Probe  
  31  3:51  Pylon  
  31  3:53  Probe  
  31  3:55  Pylon  
  33  4:01  Probe  
  34  4:05  Probe  
  34  4:09  Stargate  
  35  4:12  Pylon  
  35  4:13  Probe  
  36  4:17  Photon Cannon, Probe  
  37  4:25  Photon Cannon, Probe  
  37  4:29  Probe  
  39  4:31  Photon Cannon  
  40  4:38  Probe  
  40  4:42  Probe  
  41  4:45  Stargate  
  41  4:50  Probe  
  42  4:54  Protoss Shields Level 1, Probe  
  42  4:59  Protoss Air Weapons Level 1 (Chrono Boost)  
  43  5:02  Probe  
  43  5:06  Probe  
  45  5:09  Fleet Beacon  
  45  5:58  Adept  
  47  6:05  Nexus  
  47  6:08  Pylon  
  47  6:11  Pylon  
  47  6:13  Assimilator  
  47  6:17  Assimilator  
  47  6:18  Carrier x2  
  59  6:27  Stargate  
  59  6:29  Stargate  
  59  6:34  Cybernetics Core  
  59  6:44  Photon Cannon  
  59  6:48  Photon Cannon  
  59  6:51  Probe  
  59  6:53  Probe  
  61  7:03  Probe  
  61  7:05  Probe  
  63  7:14  Carrier x2  
  63  7:15  Probe  
  76  7:17  Probe  
  77  7:32  Probe  
  77  7:35  Probe  
  77  7:36  Protoss Air Weapons Level 2  
  79  7:38  Probe  
  79  7:40  Protoss Air Armor Level 1  
  80  7:44  Probe  
  80  7:46  Carrier  
  80  7:47  Probe  
  80  7:50  Probe  
  89  7:56  Probe  
  90  7:59  Probe  
  90  8:01  Carrier  
  90  8:02  Probe  
  98  8:08  Probe  
  98  8:11  Probe  
  100  8:14  Probe  
  100  8:18  Stargate  
  101  8:27  Pylon  
  101  8:28  Pylon  
  101  8:30  Pylon  
  101  8:34  Pylon  
  101  8:35  Pylon  
  101  8:42  Probe  
  101  8:45  Probe x2  
  103  8:50  Carrier x2  
  127  9:38  Carrier x3  
  133  10:00  Nexus  
  133  10:02  Pylon  
  133  10:04  Carrier  
  133  10:05  Pylon  
  139  10:09  Pylon  
  139  10:10  Pylon  
  139  10:12  Pylon  
  139  10:13  Pylon  
  139  10:20  Carrier  
  145  10:25  Assimilator  
  145  10:28  Assimilator  
  145  10:43  Probe  
  145  10:46  Probe  
  147  10:51  Probe  
  147  10:55  Probe  
  149  10:58  Probe  
  149  11:03  Probe, Carrier x3  
  169  11:07  Probe  
  169  11:10  Probe  
  171  11:16  Probe  
  157  11:28  Probe  
  147  11:40  Probe  
  125  12:21  Nexus  
  125  12:27  Carrier x3  
  125  12:28  Carrier  
  149  12:36  Probe  
  150  12:39  Probe  
  151  12:48  Probe  
  152  12:51  Probe  
  153  13:01  Probe  
  153  13:03  Probe  
Show
View Real Time Build Order
Export as new Build Order

Facer Protoss 

Build Orders: 1 Gate Expand 

Get SALT Encoding   

  12  0:01  Probe  
  13  0:15  Pylon  
  13  0:19  Probe (Chrono Boost)  
  14  0:30  Assimilator, Probe (Chrono Boost)  
  15  0:43  Gateway  
  15  0:46  Probe  
  16  0:58  Probe  
  16  1:00  Assimilator  
  17  1:21  Probe  
  18  1:33  Nexus  
  18  1:48  Cybernetics Core  
  18  1:49  Probe (Chrono Boost)  
  19  2:03  Pylon  
  19  2:10  Probe (Chrono Boost)  
  20  2:26  Probe  
  21  2:32  Stargate  
  21  2:39  Probe  
  21  2:40  Pylon  
  22  2:48  Probe (Chrono Boost)  
  23  2:54  Probe (Chrono Boost)  
  23  2:58  Forge  
  24  3:00  Probe (Chrono Boost)  
  25  3:18  Pylon  
  25  3:29  Probe (Chrono Boost)  
  26  3:41  Probe (Chrono Boost)  
  27  3:42  Void Ray  
  31  3:50  Fleet Beacon, Probe  
  32  4:01  Photon Cannon  
  32  4:02  Probe (Chrono Boost)  
  33  4:11  Stargate  
  33  4:21  Probe  
  33  4:22  Assimilator  
  34  4:28  Assimilator  
  34  4:47  Probe (Chrono Boost)  
  44  5:03  Probe (Chrono Boost)  
  44  5:05  Mothership (Chrono Boost)  
  44  5:11  Probe (Chrono Boost)  
  45  5:17  Probe (Chrono Boost)  
  45  5:18  Photon Cannon  
  46  5:24  Photon Cannon  
  46  5:25  Photon Cannon  
  46  5:43  Protoss Air Weapons Level 1  
  46  5:46  Void Ray  
  46  5:47  Void Ray  
  46  5:49  Probe  
  55  6:08  Probe (Chrono Boost)  
  56  6:18  Probe (Chrono Boost)  
  48  6:25  Void Ray x2  
  56  6:40  Probe  
  57  6:53  Probe  
  58  6:55  Probe  
  59  7:32  Probe  
  60  7:44  Probe  
  61  8:02  Void Ray (Chrono Boost)  
  61  8:03  Void Ray (Chrono Boost)  
  49  8:35  Void Ray (Chrono Boost)  
  49  8:36  Void Ray (Chrono Boost)  
  57  8:49  Protoss Air Weapons Level 2 (Chrono Boost)  
  57  9:06  Void Ray  
  57  9:13  Void Ray  
  49  9:43  Void Ray  
  49  9:51  Void Ray  
  57  10:03  Nexus  
  57  10:08  Gateway  
  57  10:09  Gateway  
  57  10:11  Gateway  
  57  10:13  Gateway  
  57  10:15  Gateway  
  57  10:18  Gateway  
  57  10:21  Pylon  
  57  10:24  Pylon  
  57  10:32  Protoss Ground Weapons Level 1  
  57  10:35  Probe  
  58  10:40  Carrier  
  58  10:42  Twilight Council  
  64  10:51  Probe (Chrono Boost)  
  65  10:59  Warp Gate (Chrono Boost)  
  65  11:06  Gateway, Probe (Chrono Boost)  
  65  11:07  Gateway  
  65  11:08  Gateway, Probe  
  65  11:10  Assimilator  
  67  11:21  Carrier  
  73  11:44  Carrier  
  79  11:53  Probe  
  80  11:58  Photon Cannon  
  80  12:04  Photon Cannon  
  80  12:05  Probe  
  80  12:08  Photon Cannon  
  81  12:18  Photon Cannon  
  81  12:19  Void Ray  
  81  12:23  Photon Cannon  
  64  12:52  Pylon  
  64  12:54  Pylon  
  64  12:55  Pylon  
  64  12:57  Pylon  
  64  13:09  Robotics Facility  
Show
View Real Time Build Order
Export as new Build Order

default Zerg 

Build Orders: Hatch First 

Get SALT Encoding   

  12  0:05  Drone  
  13  0:11  Drone  
  14  0:17  Overlord  
  14  0:37  Drone x2  
  14  0:42  Drone  
  17  0:58  Hatchery  
  17  1:03  Drone x2  
  18  1:12  Drone  
  19  1:20  Spawning Pool  
  19  1:23  Drone  
  19  1:29  Extractor  
  18  1:33  Overlord  
  18  1:42  Drone  
  19  2:00  Overlord  
  19  2:08  Queen  
  19  2:10  Queen  
  19  2:12  Drone x2  
  25  2:18  Drone  
  26  2:31  Drone x2  
  28  2:38  Roach Warren  
  28  2:39  Extractor  
  26  2:48  Drone  
  26  2:49  Drone x3  
  26  2:51  Spine Crawler  
  29  2:55  Drone  
  30  3:09  Zergling x6  
  33  3:24  Roach  
  33  3:25  Drone, Roach x3  
  33  3:26  Drone x2  
  44  3:36  Extractor  
  44  3:38  Lair  
  43  3:46  Evolution Chamber  
  43  3:47  Overlord  
  42  3:50  Overlord  
  42  4:24  Overlord x2  
  42  4:25  Drone x4  
  42  4:26  Drone x3  
  49  4:34  Zerg Missile Weapons Level 1  
  49  4:37  Hydralisk Den  
  48  4:52  Metabolic Boost  
  48  4:55  Drone, Roach x2  
  48  4:56  Drone x4  
  57  5:12  Burrow  
  57  5:20  Hydralisk x3  
  57  5:21  Hydralisk  
  63  5:23  Drone x2  
  63  5:25  Drone  
  67  5:36  Drone x4  
  70  5:46  Hydralisk  
  70  5:47  Roach  
  74  6:00  Overlord x2  
  74  6:07  Extractor  
  73  6:16  Evolution Chamber  
  73  6:17  Spore Crawler  
  71  6:29  Zerg Ground Armor Level 1  
  71  6:40  Drone x13  
  69  7:01  Hydralisk x4  
  69  7:02  Overlord x2, Roach x4, Hydralisk  
  69  7:03  Roach, Hydralisk  
  91  7:27  Roach, Hydralisk x4  
  91  7:28  Roach x3  
  91  7:29  Overlord  
  107  7:32  Overseer  
  107  7:33  Overseer  
  107  7:38  Hatchery  
  106  7:46  Zerg Missile Weapons Level 2  
  106  8:04  Hydralisk x2  
  106  8:05  Roach x3  
  107  8:16  Hydralisk  
  107  8:17  Roach, Hydralisk  
  101  8:25  Hydralisk  
  101  8:26  Roach  
  83  8:35  Drone x4  
  87  8:46  Extractor  
  86  8:51  Extractor  
  81  8:56  Hydralisk x2  
  81  8:57  Roach x2  
  89  9:12  Hydralisk  
  89  9:13  Roach x2, Hydralisk x3  
  89  9:14  Roach x2  
  105  9:32  Hydralisk x2  
  105  9:33  Roach  
  111  9:45  Queen  
  113  9:58  Drone x6  
  119  10:01  Drone x3  
  119  10:03  Overlord x2  
  122  10:14  Overlord  
  122  10:15  Overlord  
  122  10:21  Queen  
  122  10:23  Roach, Hydralisk x4  
  122  10:24  Roach x2  
  138  10:32  Hydralisk  
  138  10:33  Hydralisk  
  138  10:34  Roach  
  138  10:35  Overlord  
  144  10:45  Infestation Pit, Grooved Spines  
  144  10:47  Glial Reconstitution  
  143  11:09  Roach, Hydralisk x4  
  143  11:10  Roach x2  
  157  11:12  Overlord  
  135  11:51  Hydralisk  
  135  11:52  Hydralisk x9  
  135  11:53  Hydralisk  
  155  11:56  Muscular Augments  
  101  12:13  Roach, Hydralisk x4  
  101  12:14  Roach x2  
  93  12:46  Hydralisk x4  
  93  12:47  Roach x5, Hydralisk x2  
  115  13:00  Overseer  
  115  13:03  Overseer x2  
Show
View Real Time Build Order
Export as new Build Order

Valentine Terran 

Build Orders:  

Get SALT Encoding   

  12  0:00  SCV  
  13  0:18  SCV, Supply Depot  
  14  0:31  SCV  
  15  0:43  SCV  
  15  0:44  Barracks  
  15  0:47  Refinery  
  16  0:55  SCV  
  17  1:07  SCV  
  18  1:19  SCV  
  19  1:31  Orbital Command  
  19  1:42  Command Center  
  20  2:01  SCV, Factory  
  20  2:08  Refinery  
  20  2:13  SCV  
  21  2:25  SCV  
  22  2:35  Supply Depot  
  22  2:37  SCV  
  23  2:46  Factory Tech Lab  
  23  2:52  Starport  
  23  2:54  SCV  
  23  2:56  Orbital Command  
  24  2:59  Refinery  
  24  3:03  Supply Depot  
  24  3:06  Marine, SCV  
  25  3:24  Marine  
  26  3:31  Siege Tank  
  29  3:37  Fusion Core  
  29  3:38  Starport Tech Lab  
  29  3:42  Marine  
  29  3:48  SCV x2  
  32  3:59  Marine  
  32  4:00  SCV  
  34  4:03  SCV  
  35  4:12  SCV  
  35  4:14  Engineering Bay  
  35  4:15  SCV  
  38  4:24  SCV  
  38  4:27  SCV  
  39  4:36  SCV  
  40  4:44  Supply Depot  
  40  4:45  Battlecruiser  
  46  4:53  Supply Depot  
  46  5:06  SCV, Missile Turret  
  47  5:10  Missile Turret  
  47  5:13  Missile Turret  
  47  5:14  SCV, Starport  
  47  5:15  Supply Depot, Missile Turret  
  47  5:17  Weapon Refit  
  47  5:18  SCV  
  49  5:26  SCV  
  50  5:30  SCV  
  51  5:47  SCV x2  
  53  5:50  Refinery, Command Center  
  53  5:53  Starport Tech Lab  
  53  5:59  SCV x2  
  53  6:02  Armory  
  55  6:11  SCV x2  
  57  6:42  Battlecruiser x2  
  69  6:50  Armory  
  69  6:53  Terran Ship Weapons Level 1  
  69  6:58  SCV  
  70  7:01  SCV  
  70  7:05  Supply Depot  
  70  7:06  Supply Depot  
  71  7:10  SCV  
  71  7:13  SCV  
  73  7:22  SCV  
  74  7:28  Supply Depot x2  
  74  7:37  SCV x2  
  74  7:40  Orbital Command  
  76  7:49  SCV x2  
  76  7:50  Supply Depot  
  78  8:13  Supply Depot  
  78  8:16  Battlecruiser x2  
  90  8:41  Starport  
  90  8:43  Refinery, SCV x2  
  92  8:55  SCV x2  
  94  9:31  Battlecruiser x2  
  105  9:49  SCV x2  
  107  9:53  Refinery  
  107  9:58  Starport Tech Lab  
  107  10:01  SCV x2  
  107  10:03  Starport  
  109  10:33  Terran Vehicle And Ship Armor Level 1, Terran Ship Weapons Level 2  
  109  10:38  Command Center  
  109  10:41  Starport  
  109  11:02  Battlecruiser  
  108  11:52  Battlecruiser x2  
  96  12:07  Battlecruiser  
Tags
 
Add a new tag
Caveats
  • Supply blocks, unpowered buildings, or Contaminate may cause inaccurate times.
  • Supply counts are checked every 10 seconds.